 Dungeon Crawl Stone Soup version 0.28.0-49-g6dfe1f597d (webtiles) character file.

Game seed: 5471131968297951245

255 pkoi the Insei (level 5, -2/38 (41) HPs)
             Began as a Demigod Gladiator on May 19, 2022.
             Slain by a wight
             ... wielding a +0 great sword
              (3 damage)
             ... on level 3 of the Dungeon.
             The game lasted 00:04:54 (5541 turns).

pkoi the Insei (Demigod Gladiator)                  Turns: 5541, Time: 00:04:55

HP:   -2/38 (41)    AC:  4    Str: 15    XL:     5   Next: 60%
MP:   9/9           EV: 12    Int: 14    God:
Gold: 91            SH:  0    Dex: 15    Spells: 6/6 levels left

rFire   . . .      SeeInvis .     - Unarmed
rCold   . . .      Faith    .   (no shield)
rNeg    . . .      Spirit   .   a - +0 leather armour
rPois   .          Reflect  .   b - +0 helmet
rElec   .          Harm     .   (no cloak)
rCorr   .          Rampage  .   (no gloves)
Will    .....                   (no boots)
Stlth   +.........              (no amulet)
HPRegen 0.12/turn               (no ring)
MPRegen 0.11/turn               (no ring)

@: drained
A: high MP 1, forlorn, divine attributes
a: no special abilities


You were on level 3 of the Dungeon.
You visited 1 branch of the dungeon, and saw 4 of its levels.

You collected 91 gold pieces.

Inventory:

Hand Weapons
 d - a +0 hand axe
 g - a +0 short sword
 m - a +0 rapier of venom
Missiles
 c - 4 throwing nets (quivered)
 e - 5 poisoned darts
Armour
 a - a +0 leather armour (worn)
 b - a +0 helmet (worn)
Scrolls
 f - 2 scrolls of identify
 i - a scroll of holy word
 j - a scroll of teleportation
 l - a scroll of magic mapping {unknown}
Potions
 h - a potion of heal wounds
 k - a potion of berserk rage


   Skills:
 - Level 2.0 Fighting
 - Level 1.7 Throwing
 + Level 0.8 Armour
 + Level 2.9 Dodging
 * Level 5.5 Unarmed Combat
 + Level 1.0 Spellcasting


You had 6 spell levels left.
You didn't know any spells.
Your spell library was empty.

Dungeon Overview and Level Annotations

Branches:
Dungeon (4/15)
 Temple: D:4-7

Shops:
D:1 :   D:2 [=?=(


Innate Abilities, Weirdness & Mutations

You have an increased reservoir of magic. (+10% MP)
You shall have no god before yourself.
Your divine heritage dramatically boosts your attributes as you level up.


Message History

The wight is severely damaged.
The wight closely misses you.
You punch the wight!
You destroy the wight!
Things that are here:
a +0 scimitar; a +0 robe You punch the wight!
Your punch misses the wight.
The wight is heavily damaged.
The wight barely misses you.
You punch the wight!
You destroy the wight!
Your Spellcasting skill increases to level 1!
The wight barely misses you.
Items here: )) [[.
You hit the wight.
The wight is moderately damaged.
The wight hits you with a +0 great sword!!
* * * LOW HITPOINT WARNING * * *
You punch the wight!
The wight is severely damaged.
The wight barely misses you.
You hit the wight but do no damage.
The wight is severely damaged.
The wight hits you but does no damage.
There is a stone staircase leading up here.
The wight barely misses you.
You climb upwards.
There is a stone staircase leading down here.
You closely miss the wight.
The wight is severely damaged.
The wight hits you with a +0 great sword!
* * * LOW HITPOINT WARNING * * *
You feel drained.
* * * LOW HITPOINT WARNING * * *
You hit the wight.
The wight is severely damaged.
The wight hits you with a +0 great sword!
* * * LOW HITPOINT WARNING * * *
You feel drained.
You die...

###......###.###......#
.###...#.# #.# #......#
...#####.# #<# #.#...##
.....###.# #.# #.#.#####
...⌠...#.# #.# #.#.....#
##...#.[.# #.# #.#.###.#
.##'####.###.###.#.# #.#
....####...........# #.#
..............##@### #†#
......######..#.z.####.#
.......................#
......#########...######
...#### ##.## ...# #.#
...# #.# #.######### #.#
#.........# #.#


You could see a wight.

Vanquished Creatures
  2 wights (D:4)
  An orc priest (D:3)
  2 orc wizards (D:2)
  An adder (D:3)
  An ufetubus (D:3)
  3 worms (D:3)
  3 dart slugs
  4 orcs
  2 endoplasms
  3 giant cockroaches
  6 hobgoblins
  3 jackals (D:3)
  A quokka (D:2)
  5 ball pythons
  A ball python skeleton (D:3)
  7 bats
  7 frilled lizards
  5 goblins
  3 kobolds
  2 rats (D:3)
  A spectral hobgoblin (D:1)
63 creatures vanquished.

Notes
Turn   | Place    | Note
-------+----------+-------------------------------------------
     0 | D:1      | pkoi the Demigod Gladiator began the quest for the Orb.
     0 | D:1      | Reached XP level 1. HP: 17/17 MP: 3/3
    83 | D:1      | Reached skill level 3 in Unarmed Combat
   187 | D:1      | Reached XP level 2. HP: 14/24 MP: 4/4
  1079 | D:1      | Found Haadaupne's Book Boutique.
  1532 | D:2      | Found Puhas's Jewellery Shop.
  1556 | D:2      | Found Vozow's Antique Weapon Boutique.
  1641 | D:2      | Found Qouseron's Magic Scroll Emporium.
  1695 | D:2      | Found Vaediotu's Jewellery Shop.
  1713 | D:2      | Found Meifyn's Armour Shop.
  1931 | D:3      | Reached XP level 3. HP: 29/29 MP: 5/5
  2018 | D:3      | Reached skill level 4 in Unarmed Combat
  2531 | D:2      | Reached XP level 4. HP: 16/36 MP: 6/6
  3388 | D:2      | Found Puhas's Jewellery Shop.
  3498 | D:2      | Found Vaediotu's Jewellery Shop.
  3499 | D:2      | Found Meifyn's Armour Shop.
  3572 | D:2      | Found Qouseron's Magic Scroll Emporium.
  3691 | D:2      | Found Vozow's Antique Weapon Boutique.
  3904 | D:3      | Reached skill level 5 in Unarmed Combat
  5155 | D:3      | Reached XP level 5. HP: 32/41 MP: 8/8
  5523 | D:4      | Reached skill level 1 in Spellcasting
  5541 | D:3      | HP: 1/39 [wight/+0 great sword (7)]
  5541 | D:3      | Slain by a wight

Illustrated notes

Levels and vault maps discovered:
D:1:      psy_arrival_fountain, layout_basic, serial_shops, shop,
          dreamdust_ecumenical_altar_drowned_temple
D:2:      layout_basic, serial_shops, nicolae_shop_stone, shop_statue,
          nicolae_shop_statue_plus, shop, nicolae_shop_behind_doors, basic_altar
D:3:      minmay_chambers_of_threes, layout_loops_ring,
          mainiacjoe_overflow_alcove_2, minivault_5, grunt_ministairs_13
D:4:      layout_basic, marbit_many_paths, uniq_grinder,
          uniq_crazy_yiuf_cottage, uniq_natasha, uniq_edmund

Skill      XL: |  1  2  3  4  5 |
---------------+----------------+-----
Unarmed Combat | 3 4 5 |  5.5
Fighting       | 2 |  2.0
Spellcasting   | 1 |  1.0
Throwing       | |  1.7
Armour         | |  0.8
Dodging        | |  2.9

Action                   |  1- 3 |  4- 6 || total
-------------------------+-------+-------++-------
Melee: Unarmed           |   130 |   111 ||   241
       Rapier            |       |    17 ||    17
       Punch             |       |     3 ||     3
  Use: Scroll            |       |     5 ||     5
Armor: Leather armour    |    44 |    47 ||    91
Dodge: Dodged            |    86 |    88 ||   174
